Workbook

Sheet Приложение 1
C1: Приложение 1 к решению Совета депутатов Салминского сельского поселения Ромодановского муниципального района Республики Мордовия «О внесении изменений в решение Совета депутатов Салминского сельского поселения Ромодановского муниципального района Республики Мордовия от 26 декабря 2023 г № 17 «О бюджете Салминского сельского поселения Ромодановского муниципального района Республики Мордовия на 2024 год и на плановый период 2025 и 2026 годов» Приложение 2 к решению Совета депутатов Салминского сельского поселения Ромодановского муниципального района Республики Мордовия «О бюджете Салминского сельского поселения Ромодановского муниципального района Республики Мордовия на 2024 год и на плановый период 2025 и 2026 годов»
A6: ОБЪЕМ БЕЗВОЗМЕЗДНЫХ ПОСТУПЛЕНИЙ В БЮДЖЕТ САЛМИНСКОГО СЕЛЬСКОГО ПОСЕЛЕНИЯ РОМОДАНОВСКОГО МУНИЦИПАЛЬНОГО РАЙОНА РЕСПУБЛИКИ МОРДОВИЯ НА 2024 ГОД И НА ПЛАНОВЫЙ ПЕРИОД 2025 И 2026 ГОДОВ
E7: (тыс. рублей)
A8: Код | B8: Наименование | C8: Сумма
C9: 2024 год | D9: 2025 год | E9: 2026 год
A10: 1 | B10: 2 | C10: 3 | D10: 4 | E10: 5
A11: 2 00 00000 00 0000 000 | B11: БЕЗВОЗМЕЗДНЫЕ ПОСТУПЛЕНИЯ | C11: =C13+C21+C26 -> 1517.4 | D11: =D13+D21+D26+D18 -> 5872.5 | E11: =E13+E21+E26 -> 947.6
A12: 2 02 00000 00 0000 000 | B12: Безвозмездные поступления от других бюджетов бюджетной системы Российской Федерации | C12: =C26+C21+C13 -> 1517.4 | D12: =D13+D21+D26 -> 921.4 | E12: =E13+E21+E26 -> 947.6
A13: 2 02 10000 00 0000 150 | B13: Дотации бюджетам бюджетной системы Российской Федерации | C13: =C14+C16 -> 882.3 | D13: =D14 -> 664.8 | E13: =E14 -> 676.9
A14: 2 02 15001 00 0000 150 | B14: Дотации на выравнивание бюджетной обеспеченности | C14: =C15 -> 795.4 | D14: =D15 -> 664.8 | E14: =E15 -> 676.9
A15: 2 02 15001 10 0000 150 | B15: Дотации бюджетам сельских поселений на выравнивание бюджетной обеспеченности из бюджета субъекта Российской Федерации | C15: 795.4 | D15: 664.8 | E15: 676.9
A16: 2 02 15002 00 0000 150 | B16: Дотация бюджетам на поддержку мер по обеспечению сбалансированности бюджетов | C16: =C17 -> 86.9
A17: 2 02 15002 10 0000 150 | B17: Дотации бюджетам сельских поселений на поддержку мер по обеспечению сбалансированности бюджетов | C17: 86.9
A18: 2 02 20000 00 0000 150 | B18: Субсидии бюджетам бюджетной системы Российской Федерации (межбюджетные субсидии) | D18: =D20 -> 4951.1
A19: 2 02 29999 00 0000 150 | B19: Прочие субсидии | D19: =D20 -> 4951.1
A20: 2 02 29999 10 0000 150 | B20: Прочие субсидии бюджетам сельских поселений | D20: 4951.1
A21: 2 02 30000 00 0000 150 | B21: Субвенции бюджетам бюджетной системы Российской Федерации | C21: =C22+C24 -> 132.5 | D21: =D22+D24 -> 146.1 | E21: =E22+E24 -> 160.2
A22: 2 02 30024 00 0000 150 | B22: Субвенции местным бюджетам на выполнение передаваемых полномочий субъектов Российской Федерации | C22: =C23 -> 0.4 | D22: =D23 -> 0.4 | E22: =E23 -> 0.4
A23: 2 02 30024 10 0000 150 | B23: Субвенции бюджетам сельских поселений на выполнение передаваемых полномочий субъектов Российской Федерации | C23: 0.4 | D23: 0.4 | E23: 0.4
A24: 2 02 35118 00 0000 150 | B24: Субвенции бюджетам на осуществление первичного воинского учета органами местного самоуправления поселений,муниципальных и городских округов | C24: =C25 -> 132.1 | D24: =D25 -> 145.7 | E24: =E25 -> 159.8
A25: 2 02 35118 10 0000 150 | B25: Субвенции бюджетам сельских поселений на осуществление первичного воинского учета органами местного самоуправления поселений,муниципальных и городских округов | C25: 132.1 | D25: 145.7 | E25: 159.8
A26: 2 02 40000 00 0000 150 | B26: Иные межбюджетные трансферты | C26: =C27+C29 -> 502.6 | D26: =D27 -> 110.5 | E26: =E27 -> 110.5
A27: 2 02 40014 00 0000 150 | B27: Межбюджетные трансферты, передаваемые бюджетам муниципальных образований на осуществление части полномочий по решению вопросов местного значения в соответствии с заключенными соглашениями | C27: =C28 -> 460.5 | D27: =D28 -> 110.5 | E27: =E28 -> 110.5
A28: 2 02 40014 10 0000 150 | B28: Межбюджетные трансферты, передаваемые бюджетам сельских поселений из бюджетов муниципальных районов на осуществление части полномочий по решению вопросов местного значения в соответствии с заключенными соглашениями | C28: 460.5 | D28: 110.5 | E28: 110.5
A29: 2 02 49999 00 0000 150 | B29: Прочие межбюджетные трансферты, передаваемые бюджетам | C29: =C30 -> 42.1
A30: 2 02 49999 10 0000 150 | B30: Прочие межбюджетные трансферты, передаваемые бюджетам сельских поселений | C30: 42.1

Sheet Приложение2
I1: Приложение 2 к решению Совета депутатов Салминского сельского поселения Ромодановского муниципального района Республики Мордовия «О внесении изменений в решение Совета депутатов Салминского сельского поселения Ромодановского муниципального района Республики Мордовия от 26 декабря 2023 г № 17 «О бюджете Салминского сельского поселения Ромодановского муниципального района Республики Мордовия на 2024 год и на плановый период 2025 и 2026 годов» Приложение 3 к решению Совета депутатов Салминского сельского поселения Ромодановского муниципального района Республики Мордовия «О бюджете Салминского сельского поселения Ромодановского муниципального района Республики Мордовия на 2024 год и на плановый период 2025 и 2026 годов»
A2: ВЕДОМСТВЕННАЯ СТРУКТУРА РАСХОДОВ БЮДЖЕТА САЛМИНСКОГО СЕЛЬСКОГО ПОСЕЛЕНИЯ РОМОДАНОВСКОГО МУНИЦИПАЛЬНОГО РАЙОНА РЕСПУБЛИКИ МОРДОВИЯ НА 2024 ГОД И НА ПЛАНОВЫЙ ПЕРИОД 2025 И 2026 ГОДОВ
I3: (тыс. рублей)
A4: Наименование | B4: Адм | C4: Рз | D4: Прз | E4: Цср | I4: Вр | J4: Сумма
J5: 2024 год | K5: 2025 год | L5: 2026 год
A6: 1 | B6: 2 | C6: 3 | D6: 4 | E6: 5 | F6: 6 | G6: 7 | H6: 8 | I6: 9 | J6: 10 | K6: 11 | L6: 12
A7: Администрация Салминского сельского поселения Ромодановского муниципального района Республики Мордовия | B7: 923 | J7: =J8+J43+J60+J73+J89+J103+J96+J54 -> 2078.8 | K7: =K8+K43+K60+K73+K89+K96+K103 -> 6184.5 | L7: =L8+L43+L60+L73+L89+L103+L96 -> 1254.1
A8: Общегосударственные вопросы | B8: 923 | C8: 01 | J8: =J9+J15+J31+J37 -> 1193.8 | K8: =K9+K15+K31 -> 790.6 | L8: =L9+L15+L31 -> 736
A9: Функционирование высшего должностного лица субъекта Российской Федерации и муниципального образования | B9: 923 | C9: 01 | D9: 02 | J9: =J10 -> 539.5 | K9: =K10 -> 348.6 | L9: =L10 -> 317.7
A10: Обеспечение деятельности Администрации Салминского сельского поселения Ромодановского муниципального района Республики Мордовия | B10: 923 | C10: 01 | D10: 02 | E10: 65 | J10: =J11 -> 539.5 | K10: =K11 -> 348.6 | L10: =L11 -> 317.7
A11: Высшее должностное лицо | B11: 923 | C11: 01 | D11: 02 | E11: 65 | F11: 1 | J11: =J12 -> 539.5 | K11: =K12 -> 348.6 | L11: =L12 -> 317.7
A12: Расходы на выплаты по оплате труда высшего должностного лица | B12: 923 | C12: 01 | D12: 02 | E12: 65 | F12: 1 | G12: 00 | H12: 41150 | J12: =J13 -> 539.5 | K12: =K13 -> 348.6 | L12: =L13 -> 317.7
A13: Расходы на выплаты персоналу в целях обеспечения выполнения функций государственными (муниципальными) органами, казенными учреждениями, органами управления государственными внебюджетными фондами | B13: 923 | C13: 01 | D13: 02 | E13: 65 | F13: 1 | G13: 00 | H13: 41150 | I13: 100 | J13: =J14 -> 539.5 | K13: =K14 -> 348.6 | L13: =L14 -> 317.7
A14: Расходы на выплаты персоналу государственных (муниципальных) органов | B14: 923 | C14: 01 | D14: 02 | E14: 65 | F14: 1 | G14: 00 | H14: 41150 | I14: 120 | J14: 539.5 | K14: 348.6 | L14: 317.7
A15: Функционирование Правительства Российской Федерации, высших исполнительных органов государственной власти субъектов Российской Федерации, местных администраций | B15: 923 | C15: 01 | D15: 04 | J15: =J16+J26 -> 629.3 | K15: =K16+K26 -> 437 | L15: =L16+L26 -> 413.3
A16: =A10 -> Обеспечение деятельности Администрации Салминского сельского поселения Ромодановского муниципального района Республики Мордовия | B16: 923 | C16: 01 | D16: 04 | E16: 65 | J16: =J17 -> 628.9 | K16: =K17 -> 436.6 | L16: =L17 -> 412.9
A17: Расходы в рамках обеспечения деятельности Администрации Салминского сельского поселения | B17: 923 | C17: 01 | D17: 04 | E17: 65 | F17: 2 | J17: =J18+J21 -> 628.9 | K17: =K18+K21 -> 436.6 | L17: =L18+L21 -> 412.9
A18: Расходы на выплаты по оплате труда работников органов местного самоуправления | B18: 923 | C18: 01 | D18: 04 | E18: 65 | F18: 2 | G18: 00 | H18: 41110 | J18: =J19 -> 376.2 | K18: =K19 -> 254.8 | L18: =L19 -> 254.8
A19: Расходы на выплаты персоналу в целях обеспечения выполнения функций государственными (муниципальными) органами, казенными учреждениями, органами управления государственными внебюджетными фондами | B19: 923 | C19: 01 | D19: 04 | E19: 65 | F19: 2 | G19: 00 | H19: 41110 | I19: 100 | J19: =J20 -> 376.2 | K19: =K20 -> 254.8 | L19: =L20 -> 254.8
A20: Расходы на выплаты персоналу государственных (муниципальных) органов | B20: 923 | C20: 01 | D20: 04 | E20: 65 | F20: 2 | G20: 00 | H20: 41110 | I20: 120 | J20: 376.2 | K20: 254.8 | L20: 254.8
A21: Расходы на обеспечение функций органов местного самоуправления | B21: 923 | C21: 01 | D21: 04 | E21: 65 | F21: 2 | G21: 00 | H21: 41120 | J21: =+J22+J24 -> 252.7 | K21: =+K22+K24 -> 181.8 | L21: =+L22+L24 -> 158.1
A22: Закупка товаров, работ и услуг для обеспечения государственных (муниципальных) нужд | B22: 923 | C22: 01 | D22: 04 | E22: 65 | F22: 2 | G22: 00 | H22: 41120 | I22: 200 | J22: =J23 -> 188.7 | K22: =K23 -> 176.8 | L22: =L23 -> 153.1
A23: Иные закупки товаров, работ и услуг для обеспечения государственных (муниципальных) нужд | B23: 923 | C23: 01 | D23: 04 | E23: 65 | F23: 2 | G23: 00 | H23: 41120 | I23: 240 | J23: 188.7 | K23: 176.8 | L23: 153.1
A24: Иные бюджетные ассигнования | B24: 923 | C24: 01 | D24: 04 | E24: 65 | F24: 2 | G24: 00 | H24: 41120 | I24: 800 | J24: =J25 -> 64 | K24: =K25 -> 5 | L24: =L25 -> 5
A25: Уплата налогов, сборов и иных платежей | B25: 923 | C25: 01 | D25: 04 | E25: 65 | F25: 2 | G25: 00 | H25: 41120 | I25: 850 | J25: 64 | K25: 5 | L25: 5
A26: Непрограммные расходы главных распорядителей средств бюджета Салминского сельского поселения Ромодановского муниципального района Республики Мордовия | B26: 923 | C26: 01 | D26: 04 | E26: 89 | J26: =J27 -> 0.4 | K26: =K27 -> 0.4 | L26: =L27 -> 0.4
A27: Непрограммные расходы в рамках обеспечения деятельности главных распорядителей средств бюджета Салминского сельского поселения Ромодановского муниципального района Республики Мордовия | B27: 923 | C27: 01 | D27: 04 | E27: 89 | F27: 1 | J27: =J28 -> 0.4 | K27: =K28 -> 0.4 | L27: =L28 -> 0.4
A28: Осуществление государственных полномочий Республики Мордовия по определению перечня должностных лиц, уполномоченных составлять протоколы об административных правонарушениях, предусмотренных Законом Республики Мордовия от 15 июня 2015 года № 38-З "Об административной ответственности на территории Республики Мордовия" | B28: 923 | C28: 01 | D28: 04 | E28: 89 | F28: 1 | G28: 00 | H28: 77150 | J28: =J29 -> 0.4 | K28: =K29 -> 0.4 | L28: =L29 -> 0.4
A29: Закупка товаров, работ и услуг для обеспечения государственных (муниципальных) нужд | B29: 923 | C29: 01 | D29: 04 | E29: 89 | F29: 1 | G29: 00 | H29: 77150 | I29: 200 | J29: =J30 -> 0.4 | K29: =K30 -> 0.4 | L29: =L30 -> 0.4
A30: Иные закупки товаров, работ и услуг для обеспечения государственных (муниципальных) нужд | B30: 923 | C30: 01 | D30: 04 | E30: 89 | F30: 1 | G30: 00 | H30: 77150 | I30: 240 | J30: 0.4 | K30: 0.4 | L30: 0.4
A31: Резервные фонды | B31: 923 | C31: 01 | D31: 11 | J31: =J32 -> 5 | K31: =K32 -> 5 | L31: =L32 -> 5
A32: Непрограммные расходы главных распорядителей средств бюджета Салминского сельского поселения Ромодановского муниципального района Республики Мордовия | B32: 923 | C32: 01 | D32: 11 | E32: 89 | J32: =J33 -> 5 | K32: =K33 -> 5 | L32: =L33 -> 5
A33: Непрограммные расходы в рамках обеспечения деятельности главных распорядителей средств бюджета Салминского сельского поселения Ромодановского муниципального района Республики Мордовия | B33: 923 | C33: 01 | D33: 11 | E33: 89 | F33: 1 | J33: =J34 -> 5 | K33: =K34 -> 5 | L33: =L34 -> 5
A34: Резервный фонд администрации Салминского сельского поселени Ромодановского муниципального района Республики Мордовия | B34: 923 | C34: 01 | D34: 11 | E34: 89 | F34: 1 | G34: 00 | H34: 41180 | J34: =J36 -> 5 | K34: =K36 -> 5 | L34: =L36 -> 5
A35: Иные бюджетные ассигнования | B35: 923 | C35: 01 | D35: 11 | E35: 89 | F35: 1 | G35: 00 | H35: 41180 | I35: 800 | J35: =J36 -> 5 | K35: =K36 -> 5 | L35: =L36 -> 5
A36: Резервные средства | B36: 923 | C36: 01 | D36: 11 | E36: 89 | F36: 1 | G36: 00 | H36: 41180 | I36: 870 | J36: 5 | K36: 5 | L36: 5
A37: Другие общегосударственные вопросы | B37: 923 | C37: 01 | D37: 13 | J37: =J38 -> 20
A38: =A32 -> Непрограммные расходы главных распорядителей средств бюджета Салминского сельского поселения Ромодановского муниципального района Республики Мордовия | B38: 923 | C38: 01 | D38: 13 | E38: 89 | J38: =J39 -> 20
A39: =A33 -> Непрограммные расходы в рамках обеспечения деятельности главных распорядителей средств бюджета Салминского сельского поселения Ромодановского муниципального района Республики Мордовия | B39: 923 | C39: 01 | D39: 13 | E39: 89 | F39: 1 | J39: =J40 -> 20
A40: Прочие мероприятия в облости национальной экономики | B40: 923 | C40: 01 | D40: 13 | E40: 89 | F40: 1 | G40: 00 | H40: 42210 | J40: =J41 -> 20
A41: =A51 -> Закупка товаров, работ и услуг для обеспечения государственных (муниципальных) нужд | B41: 923 | C41: 01 | D41: 13 | E41: 89 | F41: 1 | G41: 00 | H41: 42210 | I41: 200 | J41: =J42 -> 20
A42: =A52 -> Иные закупки товаров, работ и услуг для обеспечения государственных (муниципальных) нужд | B42: 923 | C42: 01 | D42: 13 | E42: 89 | F42: 1 | G42: 00 | H42: 42210 | I42: 240 | J42: 20
A43: Национальная оборона | B43: 923 | C43: 02 | J43: =J44 -> 132.1 | K43: =K44 -> 145.7 | L43: =L44 -> 159.8
A44: Мобилизационная и вневойсковая подготовка | B44: 923 | C44: 02 | D44: 03 | J44: =J45 -> 132.1 | K44: =K45 -> 145.7 | L44: =L45 -> 159.8
A45: Государственная программа повышения эффективности управления государственными финансами в Республике Мордовия | B45: 923 | C45: 02 | D45: 03 | E45: 17 | J45: =J46 -> 132.1 | K45: =K46 -> 145.7 | L45: =L46 -> 159.8
A46: Подпрограмма "Повышения эффективности межбюджетных отношений" | B46: 923 | C46: 02 | D46: 03 | E46: 17 | F46: 3 | J46: =J47 -> 132.1 | K46: =K47 -> 145.7 | L46: =L47 -> 159.8
A47: Основное мероприятие "Обеспечение и осуществления органами местного самоуправления отдельных государственных полномочий" | B47: 923 | C47: 02 | D47: 03 | E47: 17 | F47: 3 | G47: 02 | J47: =J48 -> 132.1 | K47: =K48 -> 145.7 | L47: =L48 -> 159.8
A48: Осуществление государственных полномочий Российской Федерации по воинскому учету в поселениях, на территориях которых отсутствуют структурные подразделения военных комиссариатов | B48: 923 | C48: 02 | D48: 03 | E48: 17 | F48: 3 | G48: 02 | H48: 51180 | J48: =J51+J49 -> 132.1 | K48: =K51+K49 -> 145.7 | L48: =L51+L49 -> 159.8
A49: Расходы на выплаты персоналу в целях обеспечения выполнения функций государственными (муниципальными) органами, казенными учреждениями, органами управления государственными внебюджетными фондами | B49: 923 | C49: 02 | D49: 03 | E49: 17 | F49: 3 | G49: 02 | H49: 51180 | I49: 100 | J49: =J50 -> 127.1 | K49: =K50 -> 140.7 | L49: =L50 -> 154.8
A50: Расходы на выплаты персоналу государственных (муниципальных) органов | B50: 923 | C50: 02 | D50: 03 | E50: 17 | F50: 3 | G50: 02 | H50: 51180 | I50: 120 | J50: 127.1 | K50: 140.7 | L50: 154.8
A51: Закупка товаров, работ и услуг для обеспечения государственных (муниципальных) нужд | B51: 923 | C51: 02 | D51: 03 | E51: 17 | F51: 3 | G51: 02 | H51: 51180 | I51: 200 | J51: =J52 -> 5 | K51: =K52 -> 5 | L51: =L52 -> 5
A52: Иные закупки товаров, работ и услуг для обеспечения государственных (муниципальных) нужд | B52: 923 | C52: 02 | D52: 03 | E52: 17 | F52: 3 | G52: 02 | H52: 51180 | I52: 240 | J52: 5 | K52: 5 | L52: 5
A53: ='Приложение 4'!A124 -> Национальная безопасность и правоохранительная деятельность | B53: 923 | C53: 03 | J53: =J54 -> 30.4
A54: Защита населения и территории от чрезвычайных ситуаций природного и техногенного характера, пожарная безопасность | B54: 923 | C54: 03 | D54: 10 | J54: =J55 -> 30.4
A55: =A62 -> Непрограммные расходы главных распорядителей средств бюджета Салминского сельского поселения Ромодановского муниципального района Республики Мордовия | B55: 923 | C55: 03 | D55: 10 | E55: 89 | J55: =J56 -> 30.4
A56: =A63 -> Непрограммные расходы в рамках обеспечения деятельности главных распорядителей средств бюджета Салминского сельского поселения Ромодановского муниципального района Республики Мордовия | B56: 923 | C56: 03 | D56: 10 | E56: 89 | F56: 1 | J56: =J57 -> 30.4
A57: Выполнение работ на гидротехнических сооружениях по пропуску весеннего паводка | B57: 923 | C57: 03 | D57: 10 | E57: 89 | F57: 1 | G57: 00 | H57: 80190 | J57: =J58 -> 30.4
A58: =A51 -> Закупка товаров, работ и услуг для обеспечения государственных (муниципальных) нужд | B58: 923 | C58: 03 | D58: 10 | E58: 89 | F58: 1 | G58: 00 | H58: 80190 | I58: 200 | J58: =J59 -> 30.4
A59: =A52 -> Иные закупки товаров, работ и услуг для обеспечения государственных (муниципальных) нужд | B59: 923 | C59: 03 | D59: 10 | E59: 89 | F59: 1 | G59: 00 | H59: 80190 | I59: 240 | J59: 30.4
A60: Национальная экономика | B60: 923 | C60: 04 | J60: =J67+J61 -> 460.5 | K60: =K67+K61 -> 5061.6 | L60: =L67 -> 110.5
A61: Водное хозяйства | B61: 923 | C61: 04 | D61: 06 | K61: =K62 -> 4951.1
A62: =A32 -> Непрограммные расходы главных распорядителей средств бюджета Салминского сельского поселения Ромодановского муниципального района Республики Мордовия | B62: 923 | C62: 04 | D62: 06 | E62: 89 | K62: =K63 -> 4951.1
A63: =A33 -> Непрограммные расходы в рамках обеспечения деятельности главных распорядителей средств бюджета Салминского сельского поселения Ромодановского муниципального района Республики Мордовия | B63: 923 | C63: 04 | D63: 06 | E63: 89 | F63: 1 | K63: =K64 -> 4951.1
A64: Мероприятия в облости водного хозяйства | B64: 923 | C64: 04 | D64: 06 | E64: 89 | F64: 1 | G64: 00 | H64: 42590 | K64: =K65 -> 4951.1
A65: =A51 -> Закупка товаров, работ и услуг для обеспечения государственных (муниципальных) нужд | B65: 923 | C65: 04 | D65: 06 | E65: 89 | F65: 1 | G65: 00 | H65: 42590 | I65: 200 | K65: =K66 -> 4951.1
A66: =A52 -> Иные закупки товаров, работ и услуг для обеспечения государственных (муниципальных) нужд | B66: 923 | C66: 04 | D66: 06 | E66: 89 | F66: 1 | G66: 00 | H66: 42590 | I66: 240 | K66: 4951.1
A67: Дорожное хозяйство (дорожные фонды) | B67: 923 | C67: 04 | D67: 09 | J67: =J68 -> 460.5 | K67: =K68 -> 110.5 | L67: =L68 -> 110.5
A68: Муниципальная программа «Комплексного развития транспортной инфраструктуры Салминского сельского поселения Ромодановского муниципального района Республики Мордовия на 2018- 2028 года" | B68: 923 | C68: 04 | D68: 09 | E68: 13 | J68: =J70 -> 460.5 | K68: =K70 -> 110.5 | L68: =L70 -> 110.5
A69: Основное мероприятие "Ремонт и содержание автомобильных дорог общего пользоваемя в границах поселения, поддержание дорожного полотна в работоспособном состоянии" | B69: 923 | C69: 04 | D69: 09 | E69: 13 | F69: 0 | G69: 01 | J69: =J70 -> 460.5 | K69: =K70 -> 110.5 | L69: =L70 -> 110.5
A70: Иные межбюджетные трансферты на осуществление полномочий по дорожной деятельности в отношении автомобильных дорог местного значения в границах населенных пунктов поселения и обеспечению безопасности дорожного движения на них, включая создание и обеспечение функционирования парковок (парковочных мест), осуществлению муниципального контроля на автомобильном транспорте, городском наземном электрическом транспорте и в дорожном хозяйстве в границах населенных пунктов поселения, организации дорожного движения, а также осуществлению иных полномочий в области использования автомобильных дорог и осуществления дорожной деятельности в соответствии с законодательством Российской Федерации | B70: 923 | C70: 04 | D70: 09 | E70: 13 | F70: 0 | G70: 01 | H70: 44102 | J70: =J71 -> 460.5 | K70: =K71 -> 110.5 | L70: =L71 -> 110.5
A71: Закупка товаров, работ и услуг для обеспечения государственных (муниципальных) нужд | B71: 923 | C71: 04 | D71: 09 | E71: 13 | F71: 0 | G71: 01 | H71: 44102 | I71: 200 | J71: =J72 -> 460.5 | K71: =K72 -> 110.5 | L71: =L72 -> 110.5
A72: Иные закупки товаров, работ и услуг для обеспечения государственных (муниципальных) нужд | B72: 923 | C72: 04 | D72: 09 | E72: 13 | F72: 0 | G72: 01 | H72: 44102 | I72: 240 | J72: 460.5 | K72: 110.5 | L72: 110.5
A73: Жилищно-коммунальное хозяйство | B73: 923 | C73: 05 | J73: =J74 -> 169 | K73: =K74 -> 69.1 | L73: =L74 -> 99.4
A74: Благоустройство | B74: 923 | C74: 05 | D74: 03 | J74: =J75+J84 -> 169 | K74: =K75 -> 69.1 | L74: =L75 -> 99.4
A75: Муниципальная программа "Комплексного развития социальной инфраструктуры Салминского сельского поселения Ромодановского муниципального района Республики Мордовия на 2018-2028 года" | B75: 923 | C75: 05 | D75: 03 | E75: 10 | J75: =J76 -> 157 | K75: =K76 -> 69.1 | L75: =L76 -> 99.4
A76: Основное мероприятие "Благоустройство территории" | B76: 923 | C76: 05 | D76: 03 | E76: 10 | F76: 0 | G76: 01 | J76: =J77+J81 -> 157 | K76: =K77+K80 -> 69.1 | L76: =L77+L80 -> 99.4
A77: Прочие мероприятия по благоустройству | B77: 923 | C77: 05 | D77: 03 | E77: 10 | F77: 0 | G77: 01 | H77: 43040 | J77: =J78 -> 62 | K77: =K78 -> 34.1 | L77: =L78 -> 49.4
A78: Закупка товаров, работ и услуг для обеспечения государственных (муниципальных) нужд | B78: 923 | C78: 05 | D78: 03 | E78: 10 | F78: 0 | G78: 01 | H78: 43040 | I78: 200 | J78: =J79 -> 62 | K78: =K79 -> 34.1 | L78: =L79 -> 49.4
A79: Иные закупки товаров, работ и услуг для обеспечения государственных (муниципальных) нужд | B79: 923 | C79: 05 | D79: 03 | E79: 10 | F79: 0 | G79: 01 | H79: 43040 | I79: 240 | J79: 62 | K79: 34.1 | L79: 49.4
A80: Основное мероприятие "Освещение территории сельского поселения" | B80: 923 | C80: 05 | D80: 03 | E80: 10 | F80: 0 | G80: 02 | J80: =J81 -> 95 | K80: =K81 -> 35 | L80: =L81 -> 50
A81: Уличное освещение | B81: 923 | C81: 05 | D81: 03 | E81: 10 | F81: 0 | G81: 02 | H81: 43010 | J81: =J82 -> 95 | K81: =K82 -> 35 | L81: =L82 -> 50
A82: Закупка товаров, работ и услуг для обеспечения государственных (муниципальных) нужд | B82: 923 | C82: 05 | D82: 03 | E82: 10 | F82: 0 | G82: 02 | H82: 43010 | I82: 200 | J82: =J83 -> 95 | K82: =K83 -> 35 | L82: =L83 -> 50
A83: Иные закупки товаров, работ и услуг для обеспечения государственных (муниципальных) нужд | B83: 923 | C83: 05 | D83: 03 | E83: 10 | F83: 0 | G83: 02 | H83: 43010 | I83: 240 | J83: 95 | K83: 35 | L83: 50
A84: =A91 -> Непрограммные расходы главных распорядителей средств бюджета Салминского сельского поселения Ромодановского муниципального района Республики Мордовия | B84: 923 | C84: 05 | D84: 03 | E84: 89 | J84: =J85 -> 12
A85: =A92 -> Непрограммные расходы в рамках обеспечения деятельности главных распорядителей средств бюджета Салминского сельского поселения Ромодановского муниципального района Республики Мордовия | B85: 923 | C85: 05 | D85: 03 | E85: 89 | F85: 1 | J85: =J86 -> 12
A86: Решение вопросов местного значения,осуществляемое с провлечением средств самообложения граждан | B86: 923 | C86: 05 | D86: 03 | E86: 89 | F86: 1 | G86: 00 | H86: 78090 | J86: =J87 -> 12
A87: =A82 -> Закупка товаров, работ и услуг для обеспечения государственных (муниципальных) нужд | B87: 923 | C87: 05 | D87: 03 | E87: 89 | F87: 1 | G87: 00 | H87: 78090 | I87: 200 | J87: =J88 -> 12
A88: =A83 -> Иные закупки товаров, работ и услуг для обеспечения государственных (муниципальных) нужд | B88: 923 | C88: 05 | D88: 03 | E88: 89 | F88: 1 | G88: 00 | H88: 78090 | I88: 240 | J88: 12
A89: Социальная политика | B89: 923 | C89: 10 | J89: =J90 -> 90.8 | K89: =K90 -> 85.8 | L89: =L90 -> 85.8
A90: Пенсионное обеспечение | B90: 923 | C90: 10 | D90: 01 | J90: =J91 -> 90.8 | K90: =K91 -> 85.8 | L90: =L91 -> 85.8
A91: Непрограммные расходы главных распорядителей средств бюджета Салминского сельского поселения Ромодановского муниципального района Республики Мордовия | B91: 923 | C91: 10 | D91: 01 | E91: 89 | J91: =J92 -> 90.8 | K91: =K92 -> 85.8 | L91: =L92 -> 85.8
A92: Непрограммные расходы в рамках обеспечения деятельности главных распорядителей средств бюджета Салминского сельского поселения Ромодановского муниципального района Республики Мордовия | B92: 923 | C92: 10 | D92: 01 | E92: 89 | F92: 1 | J92: =J93 -> 90.8 | K92: =K93 -> 85.8 | L92: =L93 -> 85.8
A93: Доплаты к пенсиям муниципальных служащих Республики Мордовия | B93: 923 | C93: 10 | D93: 01 | E93: 89 | F93: 1 | G93: 00 | H93: 03010 | J93: =J94 -> 90.8 | K93: =K94 -> 85.8 | L93: =L94 -> 85.8
A94: Социальное обеспечение и иные выплаты населению | B94: 923 | C94: 10 | D94: 01 | E94: 89 | F94: 1 | G94: 00 | H94: 03010 | I94: 300 | J94: =J95 -> 90.8 | K94: =K95 -> 85.8 | L94: =L95 -> 85.8
A95: Публичные нормативные социальные выплаты гражданам | B95: 923 | C95: 10 | D95: 01 | E95: 89 | F95: 1 | G95: 00 | H95: 03010 | I95: 310 | J95: 90.8 | K95: 85.8 | L95: 85.8
A96: Обслуживание государственного (муниципального)долга | B96: 923 | C96: 13 | J96: =J97 -> 2.2 | K96: =K97 -> 2.2 | L96: =L97 -> 2.2
A97: Обслуживание государственного (муниципального)внутреннего долга | B97: 923 | C97: 13 | D97: 01 | J97: =J98 -> 2.2 | K97: =K98 -> 2.2 | L97: =L98 -> 2.2
A98: Непрограммные расходы главных распорядителей средств бюджета Алтарского сельского поселения Ромодановского муниципального района Республики Мордовия | B98: 923 | C98: 13 | D98: 01 | E98: 89 | J98: =J99 -> 2.2 | K98: =K99 -> 2.2 | L98: =L99 -> 2.2
A99: Непрограммные расходы в рамках обеспечения деятельности главных распорядителей средств бюджета Алтарского сельского поселения Ромодановского муниципального района Республики Мордовия | B99: 923 | C99: 13 | D99: 01 | E99: 89 | F99: 1 | J99: =J100 -> 2.2 | K99: =K100 -> 2.2 | L99: =L100 -> 2.2
A100: Процентные платежи по муниципальному долгу | B100: 923 | C100: 13 | D100: 01 | E100: 89 | F100: 1 | G100: 00 | H100: 41240 | J100: =J101 -> 2.2 | K100: =K101 -> 2.2 | L100: =L101 -> 2.2
...

Sheet Приложение 3
H1: Приложение 3 к решению Совета депутатов Салминского сельского поселения Ромодановского муниципального района Республики Мордовия «О внесении изменений в решение Совета депутатов Салминского сельского поселения Ромодановского муниципального района Республики Мордовия от 26 декабря 2023 г № 17 «О бюджете Салминского сельского поселения Ромодановского муниципального района Республики Мордовия на 2024 год и на плановый период 2025 и 2026 годов» Приложение 4 к решению Совета депутатов Салминского сельского поселения Ромодановского муниципального района Республики Мордовия «О бюджете Салминского сельского поселения Ромодановского муниципального района Республики Мордовия на 2024 год и на плановый период 2025 и 2026 годов»
A2: РАСПРЕДЕЛЕНИЕ БЮДЖЕТНЫХ АССИГНОВАНИЙ БЮДЖЕТА САЛМИНСКОГО СЕЛЬСКОГО ПОСЕЛЕНИЯ РОМОДАНОВСКОГО МУНИЦИПАЛЬНОГО РАЙОНА РЕСПУБЛИКИ МОРДОВИЯ ПО РАЗДЕЛАМ, ПОДРАЗДЕЛАМ, ЦЕЛЕВЫМ СТАТЬЯМ (МУНИЦИПАЛЬНЫМ ПРОГРАММАМ И НЕПРОГРАММНЫМ НАПРАВЛЕНИЯМ ДЕЯТЕЛЬНОСТИ), ГРУППАМ И ПОДГРУППАМ ВИДОВ РАСХОДОВ КЛАССИФИКАЦИИ РАСХОДОВ БЮДЖЕТОВ НА 2024 ГОД И НА ПЛАНОВЫЙ ПЕРИОД 2025 И 2026 ГОДОВ
A3: Наименование | H3: (тыс. рублей)
B4: Рз | C4: Прз | D4: Цср | H4: Вр | I4: Сумма
A5: 1 | I5: 2024 год | J5: 2025 год | K5: 2026 год
B6: 2 | C6: 3 | D6: 4 | E6: 5 | F6: 6 | G6: 7 | H6: 8 | I6: 9 | J6: 10 | K6: 11
A7: ВСЕГО | I7: =I8+I42+I59+I72+I88+I95+I53 -> 2078.8 | J7: =J8+J42+J59+J72+J88+J102+J95 -> 6184.5 | K7: =K8+K42+K59+K72+K88+K102+K95 -> 1254.1
A8: Общегосударственные вопросы | B8: 01 | I8: =I9+I30+I15+I36 -> 1193.8 | J8: =J9+J30+J15+J25 -> 790.6 | K8: =K9+K30+K25+K15 -> 736
A9: Функционирование высшего должностного лица субъекта Российской Федерации и муниципального образования | B9: 01 | C9: 02 | I9: =I10 -> 539.5 | J9: =J10 -> 348.6 | K9: =K10 -> 317.7
A10: =Приложение2!A10 -> Обеспечение деятельности Администрации Салминского сельского поселения Ромодановского муниципального района Республики Мордовия | B10: 01 | C10: 02 | D10: 65 | I10: =I11 -> 539.5 | J10: =J11 -> 348.6 | K10: =K11 -> 317.7
A11: Высшее должностное лицо | B11: 01 | C11: 02 | D11: 65 | E11: 1 | I11: =I12 -> 539.5 | J11: =J12 -> 348.6 | K11: =K12 -> 317.7
A12: Расходы на выплаты по оплате труда высшего должностного лица | B12: 01 | C12: 02 | D12: 65 | E12: 1 | F12: 00 | G12: 41150 | I12: =I13 -> 539.5 | J12: =J13 -> 348.6 | K12: =K13 -> 317.7
A13: Расходы на выплаты персоналу в целях обеспечения выполнения функций государственными (муниципальными) органами, казенными учреждениями, органами управления государственными внебюджетными фондами | B13: 01 | C13: 02 | D13: 65 | E13: 1 | F13: 00 | G13: 41150 | H13: 100 | I13: =I14 -> 539.5 | J13: =J14 -> 348.6 | K13: =K14 -> 317.7
A14: Расходы на выплаты персоналу государственных (муниципальных) органов | B14: 01 | C14: 02 | D14: 65 | E14: 1 | F14: 00 | G14: 41150 | H14: 120 | I14: =Приложение2!J14 -> 539.5 | J14: =Приложение2!K14 -> 348.6 | K14: =Приложение2!L14 -> 317.7
A15: =Приложение2!A16 -> Обеспечение деятельности Администрации Салминского сельского поселения Ромодановского муниципального района Республики Мордовия | B15: 01 | C15: 04 | D15: 65 | I15: =I16+I25 -> 629.3 | J15: =J16 -> 436.6 | K15: =K16 -> 412.9
A16: =Приложение2!A17 -> Расходы в рамках обеспечения деятельности Администрации Салминского сельского поселения | B16: 01 | C16: 04 | D16: 65 | E16: 2 | I16: =I17+I20 -> 628.9 | J16: =J17+J20 -> 436.6 | K16: =K17+K20 -> 412.9
A17: Расходы на выплаты по оплате труда работников органов местного самоуправления | B17: 01 | C17: 04 | D17: 65 | E17: 2 | F17: 00 | G17: 41110 | I17: =I18 -> 376.2 | J17: =J18 -> 254.8 | K17: =K18 -> 254.8
A18: Расходы на выплаты персоналу в целях обеспечения выполнения функций государственными (муниципальными) органами, казенными учреждениями, органами управления государственными внебюджетными фондами | B18: 01 | C18: 04 | D18: 65 | E18: 2 | F18: 00 | G18: 41110 | H18: 100 | I18: =I19 -> 376.2 | J18: =J19 -> 254.8 | K18: =K19 -> 254.8
A19: Расходы на выплаты персоналу государственных (муниципальных) органов | B19: 01 | C19: 04 | D19: 65 | E19: 2 | F19: 00 | G19: 41110 | H19: 120 | I19: =Приложение2!J20 -> 376.2 | J19: =Приложение2!K20 -> 254.8 | K19: =Приложение2!L20 -> 254.8
A20: Расходы на обеспечение функций органов местного самоуправления | B20: 01 | C20: 04 | D20: 65 | E20: 2 | F20: 00 | G20: 41120 | I20: =+I21+I23 -> 252.7 | J20: =+J21+J23 -> 181.8 | K20: =+K21+K23 -> 158.1
A21: Закупка товаров, работ и услуг для обеспечения государственных (муниципальных) нужд | B21: 01 | C21: 04 | D21: 65 | E21: 2 | F21: 00 | G21: 41120 | H21: 200 | I21: =I22 -> 188.7 | J21: =J22 -> 176.8 | K21: =K22 -> 153.1
A22: Иные закупки товаров, работ и услуг для обеспечения государственных (муниципальных) нужд | B22: 01 | C22: 04 | D22: 65 | E22: 2 | F22: 00 | G22: 41120 | H22: 240 | I22: =Приложение2!J23 -> 188.7 | J22: =Приложение2!K23 -> 176.8 | K22: =Приложение2!L23 -> 153.1
A23: Иные бюджетные ассигнования | B23: 01 | C23: 04 | D23: 65 | E23: 2 | F23: 00 | G23: 41120 | H23: 800 | I23: =I24 -> 64 | J23: =J24 -> 5 | K23: =K24 -> 5
A24: Уплата налогов, сборов и иных платежей | B24: 01 | C24: 04 | D24: 65 | E24: 2 | F24: 00 | G24: 41120 | H24: 850 | I24: =Приложение2!J25 -> 64 | J24: =Приложение2!K25 -> 5 | K24: =Приложение2!L25 -> 5
A25: =Приложение2!A26 -> Непрограммные расходы главных распорядителей средств бюджета Салминского сельского поселения Ромодановского муниципального района Республики Мордовия | B25: 01 | C25: 04 | D25: 89 | I25: =I26 -> 0.4 | J25: =J26 -> 0.4 | K25: =K26 -> 0.4
A26: =Приложение2!A27 -> Непрограммные расходы в рамках обеспечения деятельности главных распорядителей средств бюджета Салминского сельского поселения Ромодановского муниципального района Республики Мордовия | B26: 01 | C26: 04 | D26: 89 | E26: 1 | I26: =I27 -> 0.4 | J26: =J27 -> 0.4 | K26: =K27 -> 0.4
A27: Осуществление государственных полномочий Республики Мордовия по определению перечня должностных лиц, уполномоченных составлять протоколы об административных правонарушениях, предусмотренных Законом Республики Мордовия от 15 июня 2015 года № 38-З "Об административной ответственности на территории Республики Мордовия" | B27: 01 | C27: 04 | D27: 89 | E27: 1 | F27: 00 | G27: 77150 | I27: =I28 -> 0.4 | J27: =J28 -> 0.4 | K27: =K28 -> 0.4
A28: Закупка товаров, работ и услуг для обеспечения государственных (муниципальных) нужд | B28: 01 | C28: 04 | D28: 89 | E28: 1 | F28: 00 | G28: 77150 | H28: 200 | I28: =I29 -> 0.4 | J28: =J29 -> 0.4 | K28: =K29 -> 0.4
A29: Иные закупки товаров, работ и услуг для обеспечения государственных (муниципальных) нужд | B29: 01 | C29: 04 | D29: 89 | E29: 1 | F29: 00 | G29: 77150 | H29: 240 | I29: =Приложение2!J30 -> 0.4 | J29: =Приложение2!K30 -> 0.4 | K29: =Приложение2!L30 -> 0.4
A30: Резервные фонды | B30: 01 | C30: 11 | I30: =I31 -> 5 | J30: =J31 -> 5 | K30: =K31 -> 5
A31: =Приложение2!A26 -> Непрограммные расходы главных распорядителей средств бюджета Салминского сельского поселения Ромодановского муниципального района Республики Мордовия | B31: 01 | C31: 11 | D31: 89 | I31: =I32 -> 5 | J31: =J32 -> 5 | K31: =K32 -> 5
A32: =Приложение2!A27 -> Непрограммные расходы в рамках обеспечения деятельности главных распорядителей средств бюджета Салминского сельского поселения Ромодановского муниципального района Республики Мордовия | B32: 01 | C32: 11 | D32: 89 | E32: 1 | I32: =I33 -> 5 | J32: =J33 -> 5 | K32: =K33 -> 5
A33: =Приложение2!A34 -> Резервный фонд администрации Салминского сельского поселени Ромодановского муниципального района Республики Мордовия | B33: 01 | C33: 11 | D33: 89 | E33: 1 | F33: 00 | G33: 41180 | I33: =I35 -> 5 | J33: =J35 -> 5 | K33: =K35 -> 5
A34: Иные бюджетные ассигнования | B34: 01 | C34: 11 | D34: 89 | E34: 1 | F34: 00 | G34: 41180 | H34: 800 | I34: =I35 -> 5 | J34: =J35 -> 5 | K34: =K35 -> 5
A35: Резервные средства | B35: 01 | C35: 11 | D35: 89 | E35: 1 | F35: 00 | G35: 41180 | H35: 870 | I35: =Приложение2!J36 -> 5 | J35: =Приложение2!K36 -> 5 | K35: =Приложение2!L36 -> 5
A36: =Приложение2!A37 -> Другие общегосударственные вопросы | B36: 01 | C36: 13 | I36: =I37 -> 20
A37: =Приложение2!A38 -> Непрограммные расходы главных распорядителей средств бюджета Салминского сельского поселения Ромодановского муниципального района Республики Мордовия | B37: 01 | C37: 13 | D37: 89 | I37: =I38 -> 20
A38: =Приложение2!A39 -> Непрограммные расходы в рамках обеспечения деятельности главных распорядителей средств бюджета Салминского сельского поселения Ромодановского муниципального района Республики Мордовия | B38: 01 | C38: 13 | D38: 89 | E38: 1 | I38: =I39 -> 20
A39: =Приложение2!A40 -> Прочие мероприятия в облости национальной экономики | B39: 01 | C39: 13 | D39: 89 | E39: 1 | F39: 00 | G39: 42210 | I39: =I40 -> 20
A40: =Приложение2!A41 -> Закупка товаров, работ и услуг для обеспечения государственных (муниципальных) нужд | B40: 01 | C40: 13 | D40: 89 | E40: 1 | F40: 00 | G40: 42210 | H40: 200 | I40: =I41 -> 20
A41: =Приложение2!A42 -> Иные закупки товаров, работ и услуг для обеспечения государственных (муниципальных) нужд | B41: 01 | C41: 13 | D41: 89 | E41: 1 | F41: 00 | G41: 42210 | H41: 240 | I41: =Приложение2!J42 -> 20
A42: Национальная оборона | B42: 02 | I42: =I43 -> 132.1 | J42: =J43 -> 145.7 | K42: =K43 -> 159.8
A43: Мобилизационная и вневойсковая подготовка | B43: 02 | C43: 03 | I43: =I44 -> 132.1 | J43: =J44 -> 145.7 | K43: =K44 -> 159.8
A44: =Приложение2!A45 -> Государственная программа повышения эффективности управления государственными финансами в Республике Мордовия | B44: 02 | C44: 03 | D44: 17 | I44: =I45 -> 132.1 | J44: =J45 -> 145.7 | K44: =K45 -> 159.8
A45: Подпрограмма "Повышения эффективности межбюджетных отношений" | B45: 02 | C45: 03 | D45: 17 | E45: 3 | I45: =I46 -> 132.1 | J45: =J46 -> 145.7 | K45: =K46 -> 159.8
A46: =Приложение2!A47 -> Основное мероприятие "Обеспечение и осуществления органами местного самоуправления отдельных государственных полномочий" | B46: 02 | C46: 03 | D46: 17 | E46: 3 | F46: 02 | I46: =I47 -> 132.1 | J46: =J47 -> 145.7 | K46: =K47 -> 159.8
A47: =Приложение2!A48 -> Осуществление государственных полномочий Российской Федерации по воинскому учету в поселениях, на территориях которых отсутствуют структурные подразделения военных комиссариатов | B47: 02 | C47: 03 | D47: 17 | E47: 3 | F47: 02 | G47: 51180 | I47: =I50+I48 -> 132.1 | J47: =J50+J48 -> 145.7 | K47: =K50+K48 -> 159.8
A48: Расходы на выплаты персоналу в целях обеспечения выполнения функций государственными (муниципальными) органами, казенными учреждениями, органами управления государственными внебюджетными фондами | B48: 02 | C48: 03 | D48: 17 | E48: 3 | F48: 02 | G48: 51180 | H48: 100 | I48: =I49 -> 127.1 | J48: =J49 -> 140.7 | K48: =K49 -> 154.8
A49: Расходы на выплаты персоналу государственных (муниципальных) органов | B49: 02 | C49: 03 | D49: 17 | E49: 3 | F49: 02 | G49: 51180 | H49: 120 | I49: =Приложение2!J50 -> 127.1 | J49: =Приложение2!K50 -> 140.7 | K49: =Приложение2!L50 -> 154.8
A50: Закупка товаров, работ и услуг для обеспечения государственных (муниципальных) нужд | B50: 02 | C50: 03 | D50: 17 | E50: 3 | F50: 02 | G50: 51180 | H50: 200 | I50: =I51 -> 5 | J50: =J51 -> 5 | K50: =K51 -> 5
A51: Иные закупки товаров, работ и услуг для обеспечения государственных (муниципальных) нужд | B51: 02 | C51: 03 | D51: 17 | E51: 3 | F51: 02 | G51: 51180 | H51: 240 | I51: =Приложение2!J52 -> 5 | J51: =Приложение2!K52 -> 5 | K51: =Приложение2!L52 -> 5
A52: =Приложение2!A53 -> Национальная безопасность и правоохранительная деятельность | B52: 03 | I52: =I53 -> 30.4
A53: =Приложение2!A54 -> Защита населения и территории от чрезвычайных ситуаций природного и техногенного характера, пожарная безопасность | B53: 03 | C53: 10 | I53: =I54 -> 30.4
A54: =Приложение2!A55 -> Непрограммные расходы главных распорядителей средств бюджета Салминского сельского поселения Ромодановского муниципального района Республики Мордовия | B54: 03 | C54: 10 | D54: 89 | I54: =I55 -> 30.4
A55: =Приложение2!A56 -> Непрограммные расходы в рамках обеспечения деятельности главных распорядителей средств бюджета Салминского сельского поселения Ромодановского муниципального района Республики Мордовия | B55: 03 | C55: 10 | D55: 89 | E55: 1 | I55: =I56 -> 30.4
A56: =Приложение2!A57 -> Выполнение работ на гидротехнических сооружениях по пропуску весеннего паводка | B56: 03 | C56: 10 | D56: 89 | E56: 1 | F56: 00 | G56: 80190 | I56: =I57 -> 30.4
A57: =A50 -> Закупка товаров, работ и услуг для обеспечения государственных (муниципальных) нужд | B57: 03 | C57: 10 | D57: 89 | E57: 1 | F57: 00 | G57: 80190 | H57: 200 | I57: =I58 -> 30.4
A58: =A51 -> Иные закупки товаров, работ и услуг для обеспечения государственных (муниципальных) нужд | B58: 03 | C58: 10 | D58: 89 | E58: 1 | F58: 00 | G58: 80190 | H58: 240 | I58: =Приложение2!J59 -> 30.4
A59: Национальная экономика | B59: 04 | I59: =I66 -> 460.5 | J59: =J66+J60 -> 5061.6 | K59: =K66 -> 110.5
A60: =Приложение2!A61 -> Водное хозяйства | B60: 04 | C60: 06 | J60: =J61 -> 4951.1
A61: =Приложение2!A62 -> Непрограммные расходы главных распорядителей средств бюджета Салминского сельского поселения Ромодановского муниципального района Республики Мордовия | B61: 04 | C61: 06 | D61: 89 | J61: =J62 -> 4951.1
A62: =Приложение2!A63 -> Непрограммные расходы в рамках обеспечения деятельности главных распорядителей средств бюджета Салминского сельского поселения Ромодановского муниципального района Республики Мордовия | B62: 04 | C62: 06 | D62: 89 | E62: 1 | J62: =J63 -> 4951.1
A63: =Приложение2!A64 -> Мероприятия в облости водного хозяйства | B63: 04 | C63: 06 | D63: 89 | E63: 1 | F63: 00 | G63: 42590 | J63: =J64 -> 4951.1
A64: =Приложение2!A65 -> Закупка товаров, работ и услуг для обеспечения государственных (муниципальных) нужд | B64: 04 | C64: 06 | D64: 89 | E64: 1 | F64: 00 | G64: 42590 | H64: 200 | J64: =J65 -> 4951.1
A65: =Приложение2!A66 -> Иные закупки товаров, работ и услуг для обеспечения государственных (муниципальных) нужд | B65: 04 | C65: 06 | D65: 89 | E65: 1 | F65: 00 | G65: 42590 | H65: 240 | J65: =Приложение2!K66 -> 4951.1
A66: Дорожное хозяйство (дорожные фонды) | B66: 04 | C66: 09 | I66: =I67 -> 460.5 | J66: =J67 -> 110.5 | K66: =K67 -> 110.5
A67: Муниципальная программа «Комплексного развития транспортной инфраструктуры Салминского сельского поселения Ромодановского муниципального района Республики Мордовия на 2018- 2028 года" | B67: 04 | C67: 09 | D67: 13 | I67: =I68 -> 460.5 | J67: =J68 -> 110.5 | K67: =K68 -> 110.5
A68: Основное мероприятие "Ремонт и содержание автомобильных дорог общего пользования в границах поселения, поддержание дорожного полотна в работоспособном состоянии" | B68: 04 | C68: 09 | D68: 13 | E68: 0 | F68: 01 | I68: =I69 -> 460.5 | J68: =J69 -> 110.5 | K68: =K69 -> 110.5
A69: =Приложение2!A70 -> Иные межбюджетные трансферты на осуществление полномочий по дорожной деятельности в отношении автомобильных дорог местного значения в границах населенных пунктов поселения и обеспечению безопасности дорожного движения на них, включая создание и обеспечение функционирования парковок (парковочных мест), осуществлению муниципального контроля на автомобильном транспорте, городском наземном электрическом транспорте и в дорожном хозяйстве в границах населенных пунктов поселения, организации дорожного движения, а также осуществлению иных полномочий в области использования автомобильных дорог и осуществления дорожной деятельности в соответствии с законодательством Российской Федерации | B69: 04 | C69: 09 | D69: 13 | E69: 0 | F69: 01 | G69: 44102 | I69: =I70 -> 460.5 | J69: =J70 -> 110.5 | K69: =K70 -> 110.5
A70: Закупка товаров, работ и услуг для обеспечения государственных (муниципальных) нужд | B70: 04 | C70: 09 | D70: 13 | E70: 0 | F70: 01 | G70: 44102 | H70: 200 | I70: =I71 -> 460.5 | J70: =J71 -> 110.5 | K70: =K71 -> 110.5
A71: Иные закупки товаров, работ и услуг для обеспечения государственных (муниципальных) нужд | B71: 04 | C71: 09 | D71: 13 | E71: 0 | F71: 01 | G71: 44102 | H71: 240 | I71: =Приложение2!J72 -> 460.5 | J71: =Приложение2!K72 -> 110.5 | K71: =Приложение2!L72 -> 110.5
A72: Жилищно-коммунальное хозяйство | B72: 05 | I72: =I73 -> 169 | J72: =J73 -> 69.1 | K72: =K73 -> 99.4
A73: Благоустройство | B73: 05 | C73: 03 | I73: =I74+I83 -> 169 | J73: =J74 -> 69.1 | K73: =K74 -> 99.4
A74: =Приложение2!A75 -> Муниципальная программа "Комплексного развития социальной инфраструктуры Салминского сельского поселения Ромодановского муниципального района Республики Мордовия на 2018-2028 года" | B74: 05 | C74: 03 | D74: 10 | I74: =I75 -> 157 | J74: =J75 -> 69.1 | K74: =K75 -> 99.4
A75: =Приложение2!A76 -> Основное мероприятие "Благоустройство территории" | B75: 05 | C75: 03 | D75: 10 | E75: 0 | F75: 01 | I75: =I76+I79 -> 157 | J75: =J76+J79 -> 69.1 | K75: =K76+K79 -> 99.4
A76: =Приложение2!A77 -> Прочие мероприятия по благоустройству | B76: 05 | C76: 03 | D76: 10 | E76: 0 | F76: 01 | G76: 43040 | I76: =I77 -> 62 | J76: =J77 -> 34.1 | K76: =K77 -> 49.4
A77: Закупка товаров, работ и услуг для обеспечения государственных (муниципальных) нужд | B77: 05 | C77: 03 | D77: 10 | E77: 0 | F77: 01 | G77: 43040 | H77: 200 | I77: =I78 -> 62 | J77: =J78 -> 34.1 | K77: =K78 -> 49.4
A78: Иные закупки товаров, работ и услуг для обеспечения государственных (муниципальных) нужд | B78: 05 | C78: 03 | D78: 10 | E78: 0 | F78: 01 | G78: 43040 | H78: 240 | I78: =Приложение2!J79 -> 62 | J78: =Приложение2!K79 -> 34.1 | K78: =Приложение2!L79 -> 49.4
A79: =Приложение2!A80 -> Основное мероприятие "Освещение территории сельского поселения" | B79: 05 | C79: 03 | D79: 10 | E79: 0 | F79: 02 | I79: =I80 -> 95 | J79: =J80 -> 35 | K79: =K80 -> 50
A80: =Приложение2!A81 -> Уличное освещение | B80: 05 | C80: 03 | D80: 10 | E80: 0 | F80: 02 | G80: 43010 | I80: =I81 -> 95 | J80: =J81 -> 35 | K80: =K81 -> 50
A81: Закупка товаров, работ и услуг для обеспечения государственных (муниципальных) нужд | B81: 05 | C81: 03 | D81: 10 | E81: 0 | F81: 02 | G81: 43010 | H81: 200 | I81: =I82 -> 95 | J81: =J82 -> 35 | K81: =K82 -> 50
A82: Иные закупки товаров, работ и услуг для обеспечения государственных (муниципальных) нужд | B82: 05 | C82: 03 | D82: 10 | E82: 0 | F82: 02 | G82: 43010 | H82: 240 | I82: =Приложение2!J83 -> 95 | J82: =Приложение2!K83 -> 35 | K82: =Приложение2!L83 -> 50
A83: =Приложение2!A84 -> Непрограммные расходы главных распорядителей средств бюджета Салминского сельского поселения Ромодановского муниципального района Республики Мордовия | B83: 05 | C83: 03 | D83: 89 | I83: =I84 -> 12
A84: =Приложение2!A85 -> Непрограммные расходы в рамках обеспечения деятельности главных распорядителей средств бюджета Салминского сельского поселения Ромодановского муниципального района Республики Мордовия | B84: 05 | C84: 03 | D84: 89 | E84: 1 | I84: =I85 -> 12
A85: =Приложение2!A86 -> Решение вопросов местного значения,осуществляемое с провлечением средств самообложения граждан | B85: 05 | C85: 03 | D85: 89 | E85: 1 | F85: 00 | G85: 78090 | I85: =I86 -> 12
A86: =A81 -> Закупка товаров, работ и услуг для обеспечения государственных (муниципальных) нужд | B86: 05 | C86: 03 | D86: 89 | E86: 1 | F86: 00 | G86: 78090 | H86: 200 | I86: =I87 -> 12
A87: =A82 -> Иные закупки товаров, работ и услуг для обеспечения государственных (муниципальных) нужд | B87: 05 | C87: 03 | D87: 89 | E87: 1 | F87: 00 | G87: 78090 | H87: 240 | I87: =Приложение2!J88 -> 12
A88: Социальная политика | B88: 10 | I88: =I89 -> 90.8 | J88: =J89 -> 85.8 | K88: =K89 -> 85.8
A89: Пенсионное обеспечение | B89: 10 | C89: 01 | I89: =I90 -> 90.8 | J89: =J90 -> 85.8 | K89: =K90 -> 85.8
A90: =Приложение2!A91 -> Непрограммные расходы главных распорядителей средств бюджета Салминского сельского поселения Ромодановского муниципального района Республики Мордовия | B90: 10 | C90: 01 | D90: 89 | I90: =I91 -> 90.8 | J90: =J91 -> 85.8 | K90: =K91 -> 85.8
A91: =Приложение2!A92 -> Непрограммные расходы в рамках обеспечения деятельности главных распорядителей средств бюджета Салминского сельского поселения Ромодановского муниципального района Республики Мордовия | B91: 10 | C91: 01 | D91: 89 | E91: 1 | I91: =I92 -> 90.8 | J91: =J92 -> 85.8 | K91: =K92 -> 85.8
A92: Доплаты к пенсиям муниципальных служащих Республики Мордовия | B92: 10 | C92: 01 | D92: 89 | E92: 1 | F92: 00 | G92: 03010 | I92: =I93 -> 90.8 | J92: =J93 -> 85.8 | K92: =K93 -> 85.8
A93: Социальное обеспечение и иные выплаты населению | B93: 10 | C93: 01 | D93: 89 | E93: 1 | F93: 00 | G93: 03010 | H93: 300 | I93: =I94 -> 90.8 | J93: =J94 -> 85.8 | K93: =K94 -> 85.8
A94: Публичные нормативные социальные выплаты гражданам | B94: 10 | C94: 01 | D94: 89 | E94: 1 | F94: 00 | G94: 03010 | H94: 310 | I94: =Приложение2!J95 -> 90.8 | J94: =Приложение2!K95 -> 85.8 | K94: =Приложение2!L95 -> 85.8
A95: =Приложение2!A96 -> Обслуживание государственного (муниципального)долга | B95: 13 | I95: =I96 -> 2.2 | J95: =J96 -> 2.2 | K95: =K96 -> 2.2
A96: =Приложение2!A97 -> Обслуживание государственного (муниципального)внутреннего долга | B96: 13 | C96: 01 | I96: =I97 -> 2.2 | J96: =J97 -> 2.2 | K96: =K97 -> 2.2
A97: =Приложение2!A98 -> Непрограммные расходы главных распорядителей средств бюджета Алтарского сельского поселения Ромодановского муниципального района Республики Мордовия | B97: 13 | C97: 01 | D97: 89 | I97: =I98 -> 2.2 | J97: =J98 -> 2.2 | K97: =K98 -> 2.2
A98: =Приложение2!A99 -> Непрограммные расходы в рамках обеспечения деятельности главных распорядителей средств бюджета Алтарского сельского поселения Ромодановского муниципального района Республики Мордовия | B98: 13 | C98: 01 | D98: 89 | E98: 1 | I98: =I99 -> 2.2 | J98: =J99 -> 2.2 | K98: =K99 -> 2.2
A99: =Приложение2!A100 -> Процентные платежи по муниципальному долгу | B99: 13 | C99: 01 | D99: 89 | E99: 1 | F99: 00 | G99: 41240 | I99: =I100 -> 2.2 | J99: =J100 -> 2.2 | K99: =K100 -> 2.2
A100: =Приложение2!A101 -> Обслуживание государственного (муниципального)долга | B100: 13 | C100: 01 | D100: 89 | E100: 1 | F100: 00 | G100: 41240 | H100: 700 | I100: =I101 -> 2.2 | J100: =J101 -> 2.2 | K100: =K101 -> 2.2
...

Sheet Приложение 4
I1: Приложение 4 к решению Совета депутатов Салминского сельского поселения Ромодановского муниципального района Республики Мордовия «О внесении изменений в решение Совета депутатов Салминского сельского поселения Ромодановского муниципального района Республики Мордовия от 26 декабря 2023 г № 17 «О бюджете Салминского сельского поселения Ромодановского муниципального района Республики Мордовия на 2024 год и на плановый период 2025 и 2026 годов» Приложение 5 к решению Совета депутатов Салминского сельского поселения Ромодановского муниципального района Республики Мордовия «О бюджете Салминского сельского поселения Ромодановского муниципального района Республики Мордовия на 2024 год и на плановый период 2025 и 2026 годов»
A2: РАСПРЕДЕЛЕНИЕ БЮДЖЕТНЫХ АССИГНОВАНИЙ БЮДЖЕТА САЛМИНСКОГО СЕЛЬСКОГО ПОСЕЛЕНИЯ РОМОДАНОВСКОГО МУНИЦИПАЛЬНОГО РАЙОНА РЕСПУБЛИКИ МОРДОВИЯ ПО ЦЕЛЕВЫМ СТАТЬЯМ (МУНИЦИПАЛЬНЫМ ПРОГРАММАМ И НЕПРОГРАММНЫМ НАПРАВЛЕНИЯМ ДЕЯТЕЛЬНОСТИ), ГРУППАМ И ПОДГРУППАМ ВИДОВ РАСХОДОВ, РАЗДЕЛАМ И ПОДРАЗДЕЛАМ КЛАССИФИКАЦИИ РАСХОДОВ БЮДЖЕТОВ НА 2024 ГОД И НА ПЛАНОВЫЙ ПЕРИОД 2025 И 2026 ГОДОВ
A4: Наименование | B4: Цср | F4: ВР | G4: Рз | H4: Прз | I4: Адм | J4: Сумма
J5: 2024 год | K5: 2025 год | L5: 2026 год
A6: 1 | B6: 2 | C6: 3 | D6: 4 | E6: 5 | F6: 6 | G6: 7 | H6: 8 | I6: 9 | J6: 10 | K6: 11 | L6: 12
A7: ВСЕГО | J7: =J23+J31+J45+J8+J77 -> 2078.8 | K7: =K23+K31+K45+K8+K77 -> 6184.5 | L7: =L23+L31+L45+L8+L77 -> 1254.1
A8: =Приложение2!A75 -> Муниципальная программа "Комплексного развития социальной инфраструктуры Салминского сельского поселения Ромодановского муниципального района Республики Мордовия на 2018-2028 года" | B8: 10 | J8: =J9+J16 -> 157 | K8: =K9+K16 -> 69.1 | L8: =L9+L16 -> 99.4
A9: =Приложение2!A76 -> Основное мероприятие "Благоустройство территории" | B9: 10 | C9: 0 | D9: 01 | J9: =J10 -> 62 | K9: =K10 -> 34.1 | L9: =L10 -> 49.4
A10: =Приложение2!A77 -> Прочие мероприятия по благоустройству | B10: 10 | C10: 0 | D10: 01 | E10: 43040 | J10: =J11 -> 62 | K10: =K11 -> 34.1 | L10: =L11 -> 49.4
A11: Закупка товаров, работ и услуг для обеспечения государственных (муниципальных) нужд | B11: 10 | C11: 0 | D11: 01 | E11: 43040 | F11: 200 | J11: =J12 -> 62 | K11: =K12 -> 34.1 | L11: =L12 -> 49.4
A12: Иные закупки товаров, работ и услуг для обеспечения государственных (муниципальных) нужд | B12: 10 | C12: 0 | D12: 01 | E12: 43040 | F12: 240 | J12: =J13 -> 62 | K12: =K13 -> 34.1 | L12: =L13 -> 49.4
A13: Жилищно-коммунальное хозяйство | B13: 10 | C13: 0 | D13: 01 | E13: 43040 | F13: 240 | G13: 05 | J13: =J14 -> 62 | K13: =K14 -> 34.1 | L13: =L14 -> 49.4
A14: Благоустройство | B14: 10 | C14: 0 | D14: 01 | E14: 43040 | F14: 240 | G14: 05 | H14: 03 | J14: =J15 -> 62 | K14: =K15 -> 34.1 | L14: =L15 -> 49.4
A15: Администрация Салминского сельского поселения Ромодановского муниципального района Республики Мордовия | B15: 10 | C15: 0 | D15: 01 | E15: 43040 | F15: 240 | G15: 05 | H15: 03 | I15: 923 | J15: =Приложение2!J79 -> 62 | K15: =Приложение2!K79 -> 34.1 | L15: =Приложение2!L79 -> 49.4
A16: =Приложение2!A80 -> Основное мероприятие "Освещение территории сельского поселения" | B16: 10 | C16: 0 | D16: 02 | J16: =J17 -> 95 | K16: =K17 -> 35 | L16: =L17 -> 50
A17: =Приложение2!A81 -> Уличное освещение | B17: 10 | C17: 0 | D17: 02 | E17: 43010 | J17: =J18 -> 95 | K17: =K18 -> 35 | L17: =L18 -> 50
A18: Закупка товаров, работ и услуг для обеспечения государственных (муниципальных) нужд | B18: 10 | C18: 0 | D18: 02 | E18: 43010 | F18: 200 | J18: =J19 -> 95 | K18: =K19 -> 35 | L18: =L19 -> 50
A19: Иные закупки товаров, работ и услуг для обеспечения государственных (муниципальных) нужд | B19: 10 | C19: 0 | D19: 02 | E19: 43010 | F19: 240 | J19: =J20 -> 95 | K19: =K20 -> 35 | L19: =L20 -> 50
A20: Жилищно-коммунальное хозяйство | B20: 10 | C20: 0 | D20: 02 | E20: 43010 | F20: 240 | G20: 05 | J20: =J21 -> 95 | K20: =K21 -> 35 | L20: =L21 -> 50
A21: Благоустройство | B21: 10 | C21: 0 | D21: 02 | E21: 43010 | F21: 240 | G21: 05 | H21: 03 | J21: =J22 -> 95 | K21: =K22 -> 35 | L21: =L22 -> 50
A22: =A15 -> Администрация Салминского сельского поселения Ромодановского муниципального района Республики Мордовия | B22: 10 | C22: 0 | D22: 02 | E22: 43010 | F22: 240 | G22: 05 | H22: 03 | I22: 923 | J22: =Приложение2!J83 -> 95 | K22: =Приложение2!K83 -> 35 | L22: =Приложение2!L83 -> 50
A23: Муниципальная программа «Комплексного развития транспортной инфраструктуры Салминского сельского поселения Ромодановского муниципального района Республики Мордовия на 2018- 2028 года" | B23: 13 | J23: =J24 -> 460.5 | K23: =K24 -> 110.5 | L23: =L24 -> 110.5
A24: Основное мероприятие "Ремонт и содержание автомобильных дорог общего пользования в границах поселения, поддержание дорожного полотна в работоспособном состоянии" | B24: 13 | C24: 0 | D24: 01 | J24: =J25 -> 460.5 | K24: =K25 -> 110.5 | L24: =L25 -> 110.5
A25: =Приложение2!A70 -> Иные межбюджетные трансферты на осуществление полномочий по дорожной деятельности в отношении автомобильных дорог местного значения в границах населенных пунктов поселения и обеспечению безопасности дорожного движения на них, включая создание и обеспечение функционирования парковок (парковочных мест), осуществлению муниципального контроля на автомобильном транспорте, городском наземном электрическом транспорте и в дорожном хозяйстве в границах населенных пунктов поселения, организации дорожного движения, а также осуществлению иных полномочий в области использования автомобильных дорог и осуществления дорожной деятельности в соответствии с законодательством Российской Федерации | B25: 13 | C25: 0 | D25: 01 | E25: 44102 | J25: =J26 -> 460.5 | K25: =K26 -> 110.5 | L25: =L26 -> 110.5
A26: Закупка товаров, работ и услуг для обеспечения государственных (муниципальных) нужд | B26: 13 | C26: 0 | D26: 01 | E26: 44102 | F26: 200 | J26: =J27 -> 460.5 | K26: =K27 -> 110.5 | L26: =L27 -> 110.5
A27: Иные закупки товаров, работ и услуг для обеспечения государственных (муниципальных) нужд | B27: 13 | C27: 0 | D27: 01 | E27: 44102 | F27: 240 | J27: =J28 -> 460.5 | K27: =K28 -> 110.5 | L27: =L28 -> 110.5
A28: Национальная экономика | B28: 13 | C28: 0 | D28: 01 | E28: 44102 | F28: 240 | G28: 04 | J28: =J29 -> 460.5 | K28: =K29 -> 110.5 | L28: =L29 -> 110.5
A29: =Приложение2!A67 -> Дорожное хозяйство (дорожные фонды) | B29: 13 | C29: 0 | D29: 01 | E29: 44102 | F29: 240 | G29: 04 | H29: 09 | J29: =J30 -> 460.5 | K29: =K30 -> 110.5 | L29: =L30 -> 110.5
A30: Администрация Салминского сельского поселения Ромодановского муниципального района Республики Мордовия | B30: 13 | C30: 0 | D30: 01 | E30: 44102 | F30: 240 | G30: 04 | H30: 09 | I30: 923 | J30: =Приложение2!J72 -> 460.5 | K30: =Приложение2!K72 -> 110.5 | L30: =Приложение2!L72 -> 110.5
A31: =Приложение2!A45 -> Государственная программа повышения эффективности управления государственными финансами в Республике Мордовия | B31: 17 | J31: =J32 -> 132.1 | K31: =K32 -> 145.7 | L31: =L32 -> 159.8
A32: Подпрограмма "Повышения эффективности межбюджетных отношений" | B32: 17 | C32: 3 | J32: =J33 -> 132.1 | K32: =K33 -> 145.7 | L32: =L33 -> 159.8
A33: =Приложение2!A47 -> Основное мероприятие "Обеспечение и осуществления органами местного самоуправления отдельных государственных полномочий" | B33: 17 | C33: 3 | D33: 02 | J33: =J34 -> 132.1 | K33: =K34 -> 145.7 | L33: =L34 -> 159.8
A34: =Приложение2!A48 -> Осуществление государственных полномочий Российской Федерации по воинскому учету в поселениях, на территориях которых отсутствуют структурные подразделения военных комиссариатов | B34: 17 | C34: 3 | D34: 02 | E34: 51180 | J34: =J40+J35 -> 132.1 | K34: =K40+K35 -> 145.7 | L34: =L40+L35 -> 159.8
A35: Расходы на выплаты персоналу в целях обеспечения выполнения функций государственными (муниципальными) органами, казенными учреждениями, органами управления государственными внебюджетными фондами | B35: 17 | C35: 3 | D35: 02 | E35: 51180 | F35: 100 | J35: =J36 -> 127.1 | K35: =K36 -> 140.7 | L35: =L36 -> 154.8
A36: Расходы на выплаты персоналу государственных (муниципальных) органов | B36: 17 | C36: 3 | D36: 02 | E36: 51180 | F36: 120 | J36: =J37 -> 127.1 | K36: =K37 -> 140.7 | L36: =L37 -> 154.8
A37: Национальная оборона | B37: 17 | C37: 3 | D37: 02 | E37: 51180 | F37: 120 | G37: 02 | J37: =J38 -> 127.1 | K37: =K38 -> 140.7 | L37: =L38 -> 154.8
A38: Мобилизация и вневойсковая подготовка | B38: 17 | C38: 3 | D38: 02 | E38: 51180 | F38: 120 | G38: 02 | H38: 03 | J38: =J39 -> 127.1 | K38: =K39 -> 140.7 | L38: =L39 -> 154.8
A39: Администрация Салминского сельского поселения Ромодановского муниципального района Республики Мордовия | B39: 17 | C39: 3 | D39: 02 | E39: 51180 | F39: 120 | G39: 02 | H39: 03 | I39: 923 | J39: =Приложение2!J50 -> 127.1 | K39: =Приложение2!K50 -> 140.7 | L39: =Приложение2!L50 -> 154.8
A40: Закупка товаров, работ и услуг для обеспечения государственных (муниципальных) нужд | B40: 17 | C40: 3 | D40: 02 | E40: 51180 | F40: 200 | J40: =J41 -> 5 | K40: =K41 -> 5 | L40: =L41 -> 5
A41: Иные закупки товаров, работ и услуг для обеспечения государственных (муниципальных) нужд | B41: 17 | C41: 3 | D41: 02 | E41: 51180 | F41: 240 | J41: =J42 -> 5 | K41: =K42 -> 5 | L41: =L42 -> 5
A42: Национальная оборона | B42: 17 | C42: 3 | D42: 02 | E42: 51180 | F42: 240 | G42: 02 | J42: =J43 -> 5 | K42: =K43 -> 5 | L42: =L43 -> 5
A43: Мобилизационная и вневойсковая подготовка | B43: 17 | C43: 3 | D43: 02 | E43: 51180 | F43: 240 | G43: 02 | H43: 03 | J43: =J44 -> 5 | K43: =K44 -> 5 | L43: =L44 -> 5
A44: Администрация Салминского сельского поселения Ромодановского муниципального района Республики Мордовия | B44: 17 | C44: 3 | D44: 02 | E44: 51180 | F44: 240 | G44: 02 | H44: 03 | I44: 923 | J44: =Приложение2!J52 -> 5 | K44: =Приложение2!K52 -> 5 | L44: =Приложение2!L52 -> 5
A45: =Приложение2!A10 -> Обеспечение деятельности Администрации Салминского сельского поселения Ромодановского муниципального района Республики Мордовия | B45: 65 | J45: =J46+J59 -> 1168.4 | K45: =K46+K59 -> 814.7 | L45: =L46+L59 -> 791
A46: Высшее должностное лицо | B46: 65 | C46: 1 | J46: =J47+J53 -> 539.5 | K46: =K47+K53 -> 378.1 | L46: =L47+L53 -> 378.1
A47: Расходы на выплаты по оплате труда высшего должностного лица | B47: 65 | C47: 1 | D47: 00 | E47: 41150 | J47: =J48 -> 539.5 | K47: =K48 -> 348.6 | L47: =L48 -> 317.7
A48: Расходы на выплаты персоналу в целях обеспечения выполнения функций государственными (муниципальными) органами, казенными учреждениями, органами управления государственными внебюджетными фондами | B48: 65 | C48: 1 | D48: 00 | E48: 41150 | F48: 100 | J48: =J49 -> 539.5 | K48: =K49 -> 348.6 | L48: =L49 -> 317.7
A49: Расходы на выплаты персоналу государственных (муниципальных) органов | B49: 65 | C49: 1 | D49: 00 | E49: 41150 | F49: 120 | J49: =J50 -> 539.5 | K49: =K50 -> 348.6 | L49: =L50 -> 317.7
A50: Общегосударственные вопросы | B50: 65 | C50: 1 | D50: 00 | E50: 41150 | F50: 120 | G50: 01 | J50: =J51 -> 539.5 | K50: =K51 -> 348.6 | L50: =L51 -> 317.7
A51: Функционирование высшего должностного лица субъекта Российской Федерации и муниципального образования | B51: 65 | C51: 1 | D51: 00 | E51: 41150 | F51: 120 | G51: 01 | H51: 02 | J51: =J52 -> 539.5 | K51: =K52 -> 348.6 | L51: =L52 -> 317.7
A52: Администрация Салминского сельского поселения Ромодановского муниципального района Республики Мордовия | B52: 65 | C52: 1 | D52: 00 | E52: 41150 | F52: 120 | G52: 01 | H52: 02 | I52: 923 | J52: =Приложение2!J14 -> 539.5 | K52: =Приложение2!K14 -> 348.6 | L52: =Приложение2!L14 -> 317.7
A53: ='Приложение 3'!A106 -> Условно утвержденные расходы | B53: 65 | C53: 1 | D53: 00 | E53: 41990 | K53: =K54 -> 29.5 | L53: =L54 -> 60.4
A54: ='Приложение 3'!A107 -> Иные бюджетные ассигнования | B54: 65 | C54: 1 | D54: 00 | E54: 41990 | F54: 800 | K54: =K55 -> 29.5 | L54: =L55 -> 60.4
A55: ='Приложение 3'!A108 -> Резервные средства | B55: 65 | C55: 1 | D55: 00 | E55: 41990 | F55: 870 | K55: =K56 -> 29.5 | L55: =L56 -> 60.4
A56: ='Приложение 3'!A102 -> Условно утвержденные расходы | B56: 65 | C56: 1 | D56: 00 | E56: 41990 | F56: 870 | G56: 99 | K56: =K57 -> 29.5 | L56: =L57 -> 60.4
A57: ='Приложение 3'!A103 -> Условно утвержденные расходы | B57: 65 | C57: 1 | D57: 00 | E57: 41990 | F57: 870 | G57: 99 | H57: 99 | K57: =K58 -> 29.5 | L57: =L58 -> 60.4
A58: Администрация Салминского сельского поселения Ромодановского муниципального района Республики Мордовия | B58: 65 | C58: 1 | D58: 00 | E58: 41990 | F58: 870 | G58: 99 | H58: 99 | I58: 923 | K58: ='Приложение 3'!J108 -> 29.5 | L58: ='Приложение 3'!K108 -> 60.4
A59: =Приложение2!A17 -> Расходы в рамках обеспечения деятельности Администрации Салминского сельского поселения | B59: 65 | C59: 2 | J59: =J60+J66 -> 628.9 | K59: =K60+K66 -> 436.6 | L59: =L60+L66 -> 412.9
A60: Расходы на выплаты по оплате труда работников органов местного самоуправления | B60: 65 | C60: 2 | D60: 00 | E60: 41110 | J60: =J61 -> 376.2 | K60: =K61 -> 254.8 | L60: =L61 -> 254.8
A61: Расходы на выплаты персоналу в целях обеспечения выполнения функций государственными (муниципальными) органами, казенными учреждениями, органами управления государственными внебюджетными фондами | B61: 65 | C61: 2 | D61: 00 | E61: 41110 | F61: 100 | J61: =J62 -> 376.2 | K61: =K62 -> 254.8 | L61: =L62 -> 254.8
A62: Расходы на выплаты персоналу государственных (муниципальных) органов | B62: 65 | C62: 2 | D62: 00 | E62: 41110 | F62: 120 | J62: =J63 -> 376.2 | K62: =K63 -> 254.8 | L62: =L63 -> 254.8
A63: Общегосударственные вопросы | B63: 65 | C63: 2 | D63: 00 | E63: 41110 | F63: 120 | G63: 01 | J63: =J64 -> 376.2 | K63: =K64 -> 254.8 | L63: =L64 -> 254.8
A64: Функционирование Правительства Российской Федерации, высших исполнительных органов государственной власти субъектов Российской Федерации, местных администраций | B64: 65 | C64: 2 | D64: 00 | E64: 41110 | F64: 120 | G64: 01 | H64: 04 | J64: =J65 -> 376.2 | K64: =K65 -> 254.8 | L64: =L65 -> 254.8
A65: Администрация Салминского сельского поселения Ромодановского муниципального района Республики Мордовия | B65: 65 | C65: 2 | D65: 00 | E65: 41110 | F65: 120 | G65: 01 | H65: 04 | I65: 923 | J65: =Приложение2!J20 -> 376.2 | K65: =Приложение2!K20 -> 254.8 | L65: =Приложение2!L20 -> 254.8
A66: =Приложение2!A21 -> Расходы на обеспечение функций органов местного самоуправления | B66: 65 | C66: 2 | D66: 00 | E66: 41120 | J66: =J67+J72 -> 252.7 | K66: =K67+K72 -> 181.8 | L66: =L67+L72 -> 158.1
A67: Закупка товаров, работ и услуг для обеспечения государственных (муниципальных) нужд | B67: 65 | C67: 2 | D67: 00 | E67: 41120 | F67: 200 | J67: =J68 -> 188.7 | K67: =K68 -> 176.8 | L67: =L68 -> 153.1
A68: Иные закупки товаров, работ и услуг для обеспечения государственных (муниципальных) нужд | B68: 65 | C68: 2 | D68: 00 | E68: 41120 | F68: 240 | J68: =J69 -> 188.7 | K68: =K69 -> 176.8 | L68: =L69 -> 153.1
A69: Общегосударственные вопросы | B69: 65 | C69: 2 | D69: 00 | E69: 41120 | F69: 240 | G69: 01 | J69: =J70 -> 188.7 | K69: =K70 -> 176.8 | L69: =L70 -> 153.1
A70: Функционирование Правительства Российской Федерации, высших исполнительных органов государственной власти субъектов Российской Федерации, местных администраций | B70: 65 | C70: 2 | D70: 00 | E70: 41120 | F70: 240 | G70: 01 | H70: 04 | J70: =J71 -> 188.7 | K70: =K71 -> 176.8 | L70: =L71 -> 153.1
A71: Администрация Салминского сельского поселения Ромодановского муниципального района Республики Мордовия | B71: 65 | C71: 2 | D71: 00 | E71: 41120 | F71: 240 | G71: 01 | H71: 04 | I71: 923 | J71: =Приложение2!J23 -> 188.7 | K71: =Приложение2!K23 -> 176.8 | L71: =Приложение2!L23 -> 153.1
A72: Иные бюджетные ассигнования | B72: 65 | C72: 2 | D72: 00 | E72: 41120 | F72: 800 | J72: =J73 -> 64 | K72: =K73 -> 5 | L72: =L73 -> 5
A73: Уплата налогов, сборов и иных платежей | B73: 65 | C73: 2 | D73: 00 | E73: 41120 | F73: 850 | J73: =J74 -> 64 | K73: =K74 -> 5 | L73: =L74 -> 5
A74: Общегосударственные вопросы | B74: 65 | C74: 2 | D74: 00 | E74: 41120 | F74: 850 | G74: 01 | J74: =J75 -> 64 | K74: =K75 -> 5 | L74: =L75 -> 5
A75: Функционирование Правительства Российской Федерации, высших исполнительных органов государственной власти субъектов Российской Федерации, местных администраций | B75: 65 | C75: 2 | D75: 00 | E75: 41120 | F75: 850 | G75: 01 | H75: 04 | J75: =J76 -> 64 | K75: =K76 -> 5 | L75: =L76 -> 5
A76: Администрация Салминского сельского поселения Ромодановского муниципального района Республики Мордовия | B76: 65 | C76: 2 | D76: 00 | E76: 41120 | F76: 850 | G76: 01 | H76: 04 | I76: 923 | J76: =Приложение2!J25 -> 64 | K76: =Приложение2!K25 -> 5 | L76: =Приложение2!L25 -> 5
A77: =Приложение2!A91 -> Непрограммные расходы главных распорядителей средств бюджета Салминского сельского поселения Ромодановского муниципального района Республики Мордовия | B77: 89 | J77: =J78 -> 160.8 | K77: =K78 -> 5044.5 | L77: =L78 -> 93.4
A78: =Приложение2!A92 -> Непрограммные расходы в рамках обеспечения деятельности главных распорядителей средств бюджета Салминского сельского поселения Ромодановского муниципального района Республики Мордовия | B78: 89 | C78: 1 | J78: =J79+J85+J109+J91+J97+J115+J121 -> 160.8 | K78: =K79+K85+K109+K91+K103 -> 5044.5 | L78: =L79+L85+L109+L91 -> 93.4
A79: =Приложение2!A93 -> Доплаты к пенсиям муниципальных служащих Республики Мордовия | B79: 89 | C79: 1 | D79: 00 | E79: 03010 | J79: =J80 -> 90.8 | K79: =K80 -> 85.8 | L79: =L80 -> 85.8
A80: =Приложение2!A94 -> Социальное обеспечение и иные выплаты населению | B80: 89 | C80: 1 | D80: 00 | E80: 03010 | F80: 300 | J80: =J81 -> 90.8 | K80: =K81 -> 85.8 | L80: =L81 -> 85.8
A81: =Приложение2!A95 -> Публичные нормативные социальные выплаты гражданам | B81: 89 | C81: 1 | D81: 00 | E81: 03010 | F81: 310 | J81: =J82 -> 90.8 | K81: =K82 -> 85.8 | L81: =L82 -> 85.8
A82: =Приложение2!A89 -> Социальная политика | B82: 89 | C82: 1 | D82: 00 | E82: 03010 | F82: 310 | G82: 10 | J82: =J83 -> 90.8 | K82: =K83 -> 85.8 | L82: =L83 -> 85.8
A83: =Приложение2!A90 -> Пенсионное обеспечение | B83: 89 | C83: 1 | D83: 00 | E83: 03010 | F83: 310 | G83: 10 | H83: 01 | J83: =J84 -> 90.8 | K83: =K84 -> 85.8 | L83: =L84 -> 85.8
A84: =A76 -> Администрация Салминского сельского поселения Ромодановского муниципального района Республики Мордовия | B84: 89 | C84: 1 | D84: 00 | E84: 03010 | F84: 310 | G84: 10 | H84: 01 | I84: 923 | J84: =Приложение2!J95 -> 90.8 | K84: =Приложение2!K95 -> 85.8 | L84: =Приложение2!L95 -> 85.8
A85: =Приложение2!A34 -> Резервный фонд администрации Салминского сельского поселени Ромодановского муниципального района Республики Мордовия | B85: 89 | C85: 1 | D85: 00 | E85: 41180 | J85: =J86 -> 5 | K85: =K86 -> 5 | L85: =L86 -> 5
A86: =Приложение2!A35 -> Иные бюджетные ассигнования | B86: 89 | C86: 1 | D86: 00 | E86: 41180 | F86: 800 | J86: =J87 -> 5 | K86: =K87 -> 5 | L86: =L87 -> 5
A87: =Приложение2!A36 -> Резервные средства | B87: 89 | C87: 1 | D87: 00 | E87: 41180 | F87: 870 | J87: =J88 -> 5 | K87: =K88 -> 5 | L87: =L88 -> 5
A88: =Приложение2!A8 -> Общегосударственные вопросы | B88: 89 | C88: 1 | D88: 00 | E88: 41180 | F88: 870 | G88: 01 | J88: =J89 -> 5 | K88: =K89 -> 5 | L88: =L89 -> 5
A89: =Приложение2!A31 -> Резервные фонды | B89: 89 | C89: 1 | D89: 00 | E89: 41180 | F89: 870 | G89: 01 | H89: 11 | J89: =J90 -> 5 | K89: =K90 -> 5 | L89: =L90 -> 5
A90: =A126 -> Администрация Салминского сельского поселения Ромодановского муниципального района Республики Мордовия | B90: 89 | C90: 1 | D90: 00 | E90: 41180 | F90: 870 | G90: 01 | H90: 11 | I90: 923 | J90: =Приложение2!J36 -> 5 | K90: =Приложение2!K36 -> 5 | L90: =Приложение2!L36 -> 5
A91: =Приложение2!A100 -> Процентные платежи по муниципальному долгу | B91: 89 | C91: 1 | D91: 00 | E91: 41240 | J91: =J92 -> 2.2 | K91: =K92 -> 2.2 | L91: =L92 -> 2.2
A92: =Приложение2!A101 -> Обслуживание государственного (муниципального)долга | B92: 89 | C92: 1 | D92: 00 | E92: 41240 | F92: 700 | J92: =J93 -> 2.2 | K92: =K93 -> 2.2 | L92: =L93 -> 2.2
A93: =Приложение2!A102 -> Обслуживание муниципального долга | B93: 89 | C93: 1 | D93: 00 | E93: 41240 | F93: 730 | J93: =J94 -> 2.2 | K93: =K94 -> 2.2 | L93: =L94 -> 2.2
A94: =Приложение2!A8 -> Общегосударственные вопросы | B94: 89 | C94: 1 | D94: 00 | E94: 41240 | F94: 730 | G94: 01 | J94: =J95 -> 2.2 | K94: =K95 -> 2.2 | L94: =L95 -> 2.2
A95: =Приложение2!A96 -> Обслуживание государственного (муниципального)долга | B95: 89 | C95: 1 | D95: 00 | E95: 41240 | F95: 730 | G95: 01 | H95: 13 | J95: =J96 -> 2.2 | K95: =K96 -> 2.2 | L95: =L96 -> 2.2
A96: =A90 -> Администрация Салминского сельского поселения Ромодановского муниципального района Республики Мордовия | B96: 89 | C96: 1 | D96: 00 | E96: 41240 | F96: 730 | G96: 01 | H96: 13 | I96: 923 | J96: =Приложение2!J102 -> 2.2 | K96: =Приложение2!K102 -> 2.2 | L96: =Приложение2!L102 -> 2.2
A97: =Приложение2!A40 -> Прочие мероприятия в облости национальной экономики | B97: 89 | C97: 1 | D97: 00 | E97: 42210 | J97: =J98 -> 20
A98: =Приложение2!A41 -> Закупка товаров, работ и услуг для обеспечения государственных (муниципальных) нужд | B98: 89 | C98: 1 | D98: 00 | E98: 42210 | F98: 200 | J98: =J99 -> 20
A99: =Приложение2!A42 -> Иные закупки товаров, работ и услуг для обеспечения государственных (муниципальных) нужд | B99: 89 | C99: 1 | D99: 00 | E99: 42210 | F99: 240 | J99: =J100 -> 20
A100: =A94 -> Общегосударственные вопросы | B100: 89 | C100: 1 | D100: 00 | E100: 42210 | F100: 240 | G100: 01 | J100: =J101 -> 20
A101: =Приложение2!A37 -> Другие общегосударственные вопросы | B101: 89 | C101: 1 | D101: 00 | E101: 42210 | F101: 240 | G101: 01 | H101: 13 | J101: =J102 -> 20
...

Sheet прил5
C2: Приложение 5 к решению Совета депутатов Салминского сельского поселения Ромодановского муниципального района Республики Мордовия «О внесении изменений в решение Совета депутатов Салминского сельского поселения Ромодановского муниципального района Республики Мордовия от 26 декабря 2023 г № 17 «О бюджете Салминского сельского поселения Ромодановского муниципального района Республики Мордовия на 2024 год и на плановый период 2025 и 2026 годов» Приложение 6 к решению Совета депутатов Салминского сельского поселения Ромодановского муниципального района Республики Мордовия «О бюджете Салминского сельского поселения Ромодановского муниципального района Республики Мордовия на 2024 год и на плановый период 2025 и 2026 годов»
A3: ИСТОЧНИКИ ВНУТРЕННЕГО ФИНАНСИРОВАНИЯ ДЕФИЦИТА БЮДЖЕТА САЛМИНСКОГО СЕЛЬСКОГО ПОСЕЛЕНИЯ РОМОДАНОВСКОГО МУНИЦИПАЛЬНОГО РАЙОНА РЕСПУБЛИКИ МОРДОВИЯ НА 2024 ГОД И НА ПЛАНОВЫЙ ПЕРИОД 2025 и 2026 ГОДОВ
A7: Код | B7: Наименование кода группы, подгруппы, статьи, вида источника финансирования дефицитов бюджетов, кода классификации операций сектора государственного управления, относящихся к источникам финансирования дефицитов бюджетов Российской Федерации | C7: Сумма (тыс. руб.)
C8: 2024 год | D8: 2025 год | E8: 2026 год
A9: 1 | B9: 2 | C9: 3 | D9: 4 | E9: 5
A10: 000 01 00 00 00 00 0000 000 | B10: ИСТОЧНИКИ ВНУТРЕННЕГО ФИНАНСИРОВАНИЯ ДЕФИЦИТОВ БЮДЖЕТОВ | C10: =C11+C22+C14 -> 86.9 | D10: =D11+D22+D14+D18 -> -91 | E10: =E11+E22+E14+E18 -> -113.8
A11: 000 01 02 00 00 00 0000 000 | B11: Кредиты кредитных организаций в валюте Российской Федерации | C11: =SUM(C12) -> 0 | D11: =SUM(D12) -> 0 | E11: =SUM(E12) -> 0
A12: 000 01 02 00 00 00 0000 700 | B12: Привлечение кредитов от кредитных организаций в валюте Российской Федерации | C12: =SUM(C13) -> 0 | D12: =D13 -> 0 | E12: =SUM(E13) -> 0
A13: 000 01 02 00 00 05 0000 710 | B13: Привлечение кредитов от кредитных организаций бюджетами муниципальных районов в валюте Российской Федерации | C13: 0 | D13: 0 | E13: 0
A14: 000 01 03 00 00 00 0000 000 | B14: Бюджетные кредиты из других бюджетов бюджетной системы Российской Федерации | C14: =C15 -> 0 | D14: =D15 -> -91 | E14: =E15 -> -113.8
A15: 000 01 03 01 00 00 0000 000 | B15: Бюджетные кредиты из других бюджетов бюджетной системы Российской Федерации в валюте Российской Федерации | C15: =C16 -> 0 | D15: =D16 -> -91 | E15: =E16 -> -113.8
A16: 000 01 03 01 00 00 0000 800 | B16: Погашение бюджетных кредитов, полученных из других бюджетов бюджетной системы Российской Федерации в валюте Российской Федерации | C16: =SUM(C17) -> 0 | D16: =SUM(D17) -> -91 | E16: =SUM(E17) -> -113.8
A17: 000 01 03 01 00 10 0000 810 | B17: Погашение бюджетами сельских поселений кредитов из других бюджетов бюджетной системы Российской Федерации в валюте Российской Федерации | C17: 0 | D17: -91 | E17: -113.8
A18: 000 01 06 00 00 00 0000 000 | B18: Иные источники внутреннего финансирования дефицитов бюджетов | C18: =C19 -> 0 | D18: =D19 -> 0 | E18: =E19 -> 0
A19: 000 01 06 05 00 00 0000 000 | B19: Бюджетные кредиты, предоставленные внутри страны в валюте Российской Федерации | C19: =C20 -> 0 | D19: =D20 -> 0 | E19: =E20 -> 0
A20: 000 01 06 05 02 00 0000 600 | B20: Возврат бюджетных кредитов, предоставленных другим бюджетам бюджетной системы Российской Федерации в валюте Российской Федерации | C20: 0 | D20: 0 | E20: 0
A21: 000 01 06 05 02 05 0000 640 | B21: Возврат бюджетных кредитов, предоставленных другим бюджетам бюджетной системы Российской Федерации из бюджетов муниципальных районов в валюте Российской Федерации | C21: 0 | D21: 0 | E21: 0
A22: 000 01 05 00 00 00 0000 000 | B22: Изменения остатков средств на счетах по учету средств бюджета | C22: =C26+C25 -> 86.9 | D22: =D23+D26 -> 0 | E22: =E23+E26 -> 0
A23: 000 01 05 02 00 00 0000 500 | B23: Увеличение прочих остатков средств бюджетов | C23: =SUM(C24) -> -1991.9 | D23: =SUM(D24) -> -6275.5 | E23: =SUM(E24) -> -1367.9
A24: 000 01 05 02 01 00 0000 510 | B24: Увеличение прочих остатков денежных средств бюджетов | C24: =SUM(C25) -> -1991.9 | D24: =SUM(D25) -> -6275.5 | E24: =SUM(E25) -> -1367.9
A25: 000 01 05 02 01 10 0000 510 | B25: Увеличение прочих остатков денежных средств бюджетов сельских поселений | C25: -1991.9 | D25: -6275.5 | E25: -1367.9
A26: 000 01 05 02 00 00 0000 600 | B26: Уменьшение прочих остатков средств бюджетов | C26: =SUM(C27) -> 2078.8 | D26: =SUM(D27) -> 6275.5 | E26: =SUM(E27) -> 1367.9
A27: 000 01 05 02 01 00 0000 610 | B27: Уменьшение прочих остатков денежных средств бюджетов | C27: =SUM(C28) -> 2078.8 | D27: =SUM(D28) -> 6275.5 | E27: =SUM(E28) -> 1367.9
A28: 000 01 05 02 01 05 0000 610 | B28: Уменьшение прочих остатков денежных средств бюджетов муниципальных районов | C28: 2078.8 | D28: 6275.5 | E28: 1367.9
A29: 000 01 00 00 00 00 0000 000 | B29: Итого источников внутреннего финансирования дефицита бюджета Салминского сельского поселения Ромодановского муниципального района Республики Мордовия | C29: 0 | D29: 0 | E29: 0
B30: собственные доходы | C30: 474.5 | D30: 403 | E30: 420.3
